TOP OF THE 1ST |
Oakland (APP) Athletics batting - Pitching for Boston (APP) Red Sox : RHP Nherbert Silivan
|
Pitching: RHP Nherbert Silivan
|
|
Batting: LHB Tomas Segarra
|
0-0: Ball 1-0: Foul Ball, location: 2F 1-1: Ball 2-1: Ball 3-1: Base on Balls
|
Batting: RHB Matt Sherard
|
0-0: Called Strike Tomas Segarra steals 2nd, throwing error, E2 Tomas Segarra to third 0-1: Swinging Strike 0-2: Ball 1-2: Ground out 6-3 (Groundball, 6, EV 79.4 MPH) Tomas Segarra scores
|
Batting: SHB D.J. Codd
|
0-0: Ball 1-0: Foul Ball, location: 2F 1-1: Ball 2-1: Foul Ball, location: 2F 2-2: Foul Ball, location: 2F 2-2: Ground out 6-3 (Groundball, 4, EV 77.5 MPH)
|
Batting: RHB Scott Wiggs
|
0-0: DOUBLE (Line Drive, 89XD, EV 107.5 MPH)
|
Batting: LHB Gregg Power
|
0-0: Ball 1-0: Ball 2-0: Ball 3-0: Foul Ball, location: 2F 3-1: Base on Balls
|
Batting: RHB Moses Brokken
|
0-0: Ball 1-0: Ball 2-0: Called Strike 2-1: Ball 3-1: Foul Ball, location: 2F 3-2: Foul Ball, location: 2F 3-2: Strikes out swinging
|
Top of the 1st over - 1 run, 1 hit, 1 error, 2 left on base; Oakland (APP) 1 - Boston (APP) 0 |
BOTTOM OF THE 1ST |
Boston (APP) Red Sox batting - Pitching for Oakland (APP) Athletics : RHP Aaron Vallejo
|
Pitching: RHP Aaron Vallejo
|
|
Batting: RHB Tony Nunez
|
0-0: Foul Ball, location: 2F 0-1: Swinging Strike 0-2: Ball 1-2: Strikes out looking
|
Batting: RHB Aukukero Tairi
|
0-0: SINGLE (Groundball, 6S, EV 95.6 MPH)
|
Batting: LHB Carlos Guerra
|
0-0: Ball Aukukero Tairi steals 2nd base 1-0: Swinging Strike 1-1: Ball 2-1: Foul Ball, location: 2F 2-2: Ball Wild Pitch! Aukukero Tairi to third 3-2: Foul Ball, location: 2F 3-2: DOUBLE (Flyball, 8LXD, EV 107.5 MPH) Aukukero Tairi scores
|
Batting: RHB Dave Burwell
|
0-0: Ball 1-0: Foul Ball, location: 2F 1-1: Foul Ball, location: 2F 1-2: Strikes out swinging
|
Batting: RHB Alex Melendez
|
0-0: Ball 1-0: Called Strike 1-1: Swinging Strike 1-2: Strikes out swinging
|
Bottom of the 1st over - 1 run, 2 hits, 0 errors, 1 left on base; Oakland (APP) 1 - Boston (APP) 1 |
TOP OF THE 2ND |
Oakland (APP) Athletics batting - Pitching for Boston (APP) Red Sox : RHP Nherbert Silivan
|
Batting: RHB Shannon Beck
|
0-0: Called Strike 0-1: Ball 1-1: Ball 2-1: Called Strike 2-2: Foul Ball, location: 2F 2-2: Ball 3-2: Base on Balls
|
Batting: RHB Zack DiCicco
|
0-0: Grounds into double play, 4-6-3 (Groundball, 4MS, EV 85.6 MPH)
|
Batting: LHB Nick Pacheco
|
0-0: Ball 1-0: Called Strike 1-1: Ball 2-1: DOUBLE (Flyball, 7LD, EV 105.0 MPH)
|
Batting: LHB Tomas Segarra
|
0-0: Called Strike 0-1: Swinging Strike 0-2: Foul Ball, location: 2F 0-2: Ball 1-2: Foul Ball, location: 2F 1-2: Foul Ball, location: 2F 1-2: Strikes out looking
|
Top of the 2nd over - 0 runs, 1 hit, 0 errors, 1 left on base; Oakland (APP) 1 - Boston (APP) 1 |
BOTTOM OF THE 2ND |
Boston (APP) Red Sox batting - Pitching for Oakland (APP) Athletics : RHP Aaron Vallejo
|
Batting: RHB John Doucette
|
0-0: Ball 1-0: Swinging Strike 1-1: Ground out 2-3 (Groundball, 15S, EV 61.9 MPH)
|
Batting: RHB Miguel Villanueva
|
0-0: Foul Ball, location: 2F 0-1: Ball 1-1: Foul Ball, location: 2F 1-2: Ground out 4-3 (Groundball, 4S, EV 80.0 MPH)
|
Batting: RHB Tony Gallegos
|
0-0: Ground out 6-3 (Groundball, 6, EV 83.8 MPH)
|
Bottom of the 2nd over - 0 runs, 0 hits, 0 errors, 0 left on base; Oakland (APP) 1 - Boston (APP) 1 |
TOP OF THE 3RD |
Oakland (APP) Athletics batting - Pitching for Boston (APP) Red Sox : RHP Nherbert Silivan
|
Batting: RHB Matt Sherard
|
0-0: Called Strike 0-1: Swinging Strike 0-2: Ball 1-2: Strikes out swinging
|
Batting: SHB D.J. Codd
|
0-0: Ball 1-0: Ground out 4-3 (Groundball, 34D, EV 85.0 MPH)
|
Batting: RHB Scott Wiggs
|
0-0: Called Strike 0-1: Foul Ball, location: 2F 0-2: Ball 1-2: Strikes out swinging
|
Top of the 3rd over - 0 runs, 0 hits, 0 errors, 0 left on base; Oakland (APP) 1 - Boston (APP) 1 |
BOTTOM OF THE 3RD |
Boston (APP) Red Sox batting - Pitching for Oakland (APP) Athletics : RHP Aaron Vallejo
|
Batting: RHB Mario Arriero
|
0-0: DOUBLE (Groundball, 5L, EV 105.0 MPH)
|
Batting: RHB Tony Nunez
|
0-0: Ball 1-0: TRIPLE (Flyball, 9D, EV 101.2 MPH) Mario Arriero scores
|
Batting: RHB Aukukero Tairi
|
0-0: Ground out 6-3 (Groundball, 6MD, EV 106.2 MPH) Tony Nunez scores
|
Batting: LHB Carlos Guerra
|
0-0: Ball 1-0: Called Strike 1-1: Ball 2-1: Called Strike 2-2: Foul Ball, location: 2F 2-2: Ball 3-2: Fly out, F7 (Flyball, 78XD, EV 94.4 MPH)
|
Batting: RHB Dave Burwell
|
0-0: Ball 1-0: SINGLE (Groundball, 6MD, EV 98.8 MPH)
|
Batting: RHB Alex Melendez
|
0-0: Called Strike 0-1: Called Strike Dave Burwell is caught stealing 2nd base 2-4
|
Bottom of the 3rd over - 2 runs, 3 hits, 0 errors, 0 left on base; Oakland (APP) 1 - Boston (APP) 3 |
TOP OF THE 4TH |
Oakland (APP) Athletics batting - Pitching for Boston (APP) Red Sox : RHP Nherbert Silivan
|
Batting: LHB Gregg Power
|
0-0: Swinging Strike 0-1: Ground out 1-3 (Groundball, 13, EV 68.8 MPH)
|
Batting: RHB Moses Brokken
|
0-0: Ball 1-0: Ball 2-0: Called Strike 2-1: Ball 3-1: Swinging Strike 3-2: Strikes out swinging
|
Batting: RHB Shannon Beck
|
0-0: Ball 1-0: Called Strike 1-1: Foul Ball, location: 2F 1-2: Ball 2-2: Strikes out looking
|
Top of the 4th over - 0 runs, 0 hits, 0 errors, 0 left on base; Oakland (APP) 1 - Boston (APP) 3 |
BOTTOM OF THE 4TH |
Boston (APP) Red Sox batting - Pitching for Oakland (APP) Athletics : RHP Aaron Vallejo
|
Batting: RHB Alex Melendez
|
0-0: Called Strike 0-1: Foul Ball, location: 2F 0-2: Ground out 5-3 (Groundball, 56S, EV 88.1 MPH)
|
Batting: RHB John Doucette
|
0-0: Ball 1-0: Ground out 5-3 (Groundball, 5, EV 98.1 MPH)
|
Batting: RHB Miguel Villanueva
|
0-0: Foul Ball, location: 2F 0-1: Ball 1-1: Swinging Strike 1-2: Strikes out swinging
|
Bottom of the 4th over - 0 runs, 0 hits, 0 errors, 0 left on base; Oakland (APP) 1 - Boston (APP) 3 |
TOP OF THE 5TH |
Oakland (APP) Athletics batting - Pitching for Boston (APP) Red Sox : RHP Nherbert Silivan
|
Batting: RHB Zack DiCicco
|
0-0: Foul Ball, location: 2F 0-1: Swinging Strike 0-2: Ball 1-2: Foul Ball, location: 2F 1-2: Foul Ball, location: 2F 1-2: Ball 2-2: Strikes out swinging
|
Batting: LHB Nick Pacheco
|
0-0: Ball 1-0: Foul Ball, location: 2F 1-1: Ball 2-1: Ball 3-1: Base on Balls
|
Pitching: RHP Josiah Russell
|
|
Batting: LHB Tomas Segarra
|
0-0: Called Strike 0-1: Fly out, F7 (Line Drive, 78S, EV 103.8 MPH)
|
Batting: RHB Matt Sherard
|
0-0: Called Strike 0-1: Ball 1-1: Fielders Choice at 2nd, 4-6 (Groundball, 6M, EV 91.9 MPH)
|
Top of the 5th over - 0 runs, 0 hits, 0 errors, 1 left on base; Oakland (APP) 1 - Boston (APP) 3 |
BOTTOM OF THE 5TH |
Boston (APP) Red Sox batting - Pitching for Oakland (APP) Athletics : RHP Aaron Vallejo
|
Batting: RHB Tony Gallegos
|
0-0: Foul Ball, location: 2F 0-1: Swinging Strike 0-2: Foul Ball, location: 2F 0-2: Fly out, F9 (Flyball, 9, EV 88.1 MPH)
|
Batting: RHB Mario Arriero
|
0-0: Foul Ball, location: 2F 0-1: Ball 1-1: Ball 2-1: Swinging Strike 2-2: Ground out U3 (Groundball, 3S, EV 84.4 MPH)
|
Batting: RHB Tony Nunez
|
0-0: Called Strike 0-1: Foul Ball, location: 2F 0-2: Ball 1-2: DOUBLE (Line Drive, 5D, EV 106.9 MPH)
|
Batting: RHB Aukukero Tairi
|
0-0: Ball 1-0: Called Strike 1-1: Swinging Strike 1-2: Ground out 6-3 (Groundball, 6, EV 91.9 MPH)
|
Bottom of the 5th over - 0 runs, 1 hit, 0 errors, 1 left on base; Oakland (APP) 1 - Boston (APP) 3 |
TOP OF THE 6TH |
Oakland (APP) Athletics batting - Pitching for Boston (APP) Red Sox : RHP Josiah Russell
|
Batting: SHB D.J. Codd
|
0-0: Called Strike 0-1: Called Strike 0-2: Ball 1-2: Foul Ball, location: 2F 1-2: SINGLE (Groundball, 3D, EV 94.4 MPH)
|
Batting: RHB Scott Wiggs
|
0-0: Foul Ball, location: 2F 0-1: Ball 1-1: SINGLE (Groundball, 6D, EV 100.0 MPH) D.J. Codd to second
|
Pinch Runner at 2nd Antonio Olivares:
|
|
Batting: LHB Gregg Power
|
0-0: Ball 1-0: Called Strike 1-1: SINGLE (Groundball, 3D, EV 95.0 MPH) Antonio Olivares to third Scott Wiggs to second Runner from 3rd tries for Home, SAFE, throw by RF to home
|
Batting: RHB Moses Brokken
|
0-0: Called Strike 0-1: Foul Ball, location: 2F 0-2: Ball 1-2: Ball 2-2: Ball 3-2: Foul Ball, location: 2F 3-2: Strikes out swinging
|
Batting: RHB Shannon Beck
|
0-0: Ball 1-0: Ball 2-0: Ball 3-0: Base on Balls Scott Wiggs to third Gregg Power to second
|
Batting: RHB Zack DiCicco
|
0-0: Called Strike 0-1: Ball 1-1: Ball 2-1: Swinging Strike 2-2: Ball 3-2: Base on Balls Scott Wiggs scores Gregg Power to third Shannon Beck to second
|
Batting: LHB Nick Pacheco
|
0-0: Ball 1-0: Called Strike 1-1: Ball 2-1: Ball 3-1: Base on Balls Gregg Power scores Shannon Beck to third Zack DiCicco to second
|
Pitching: RHP Paul Carter
|
|
Batting: LHB Tomas Segarra
|
0-0: Foul Ball, location: 2F 0-1: Swinging Strike 0-2: Foul Ball, location: 2F 0-2: Foul Ball, location: 2F 0-2: Ball 1-2: Foul Ball, location: 2F 1-2: Ball 2-2: Strikes out swinging
|
Batting: RHB Matt Sherard
|
0-0: Ball 1-0: Ball 2-0: GRAND SLAM HOME RUN (Flyball, 7LD, EV 88.1 MPH), Distance : 331 ft
|
Batting: RHB Antonio Olivares
|
0-0: Ball 1-0: Foul Ball, location: 2F 1-1: Ball 2-1: SINGLE (Groundball, 34D, EV 107.5 MPH)
|
Batting: RHB Scott Wiggs
|
0-0: Called Strike 0-1: Called Strike 0-2: Strikes out swinging
|
Top of the 6th over - 7 runs, 5 hits, 0 errors, 1 left on base; Oakland (APP) 8 - Boston (APP) 3 |
BOTTOM OF THE 6TH |
Boston (APP) Red Sox batting - Pitching for Oakland (APP) Athletics : RHP Aaron Vallejo
|
Now in LF: Marcus Kressley
|
|
Batting: LHB Carlos Guerra
|
0-0: SINGLE (Line Drive, 89M, EV 107.5 MPH)
|
Batting: RHB Dave Burwell
|
0-0: Ball 1-0: Called Strike Carlos Guerra steals 2nd base 1-1: Ball 2-1: SINGLE (Groundball, 6M, EV 100.0 MPH) (infield hit) Carlos Guerra to third
|
Batting: RHB Alex Melendez
|
0-0: Ball 1-0: Called Strike 1-1: Ball 2-1: Ball 3-1: Foul Ball, location: 2F 3-2: Foul Ball, location: 2F 3-2: Fly out, F8 (Flyball, 8LM, EV 88.8 MPH) Runner from 3rd tags up, SCORES, throw by CF
|
Pitching: RHP Ubbe Dekker
|
|
Batting: RHB John Doucette
|
0-0: Ball 1-0: Ball 2-0: Foul Ball, location: 2F 2-1: Foul Ball, location: 2F 2-2: Strikes out swinging Dave Burwell steals 2nd base Batter strikes out.
|
Batting: RHB Miguel Villanueva
|
0-0: Ball 1-0: Foul Ball, location: 2F 1-1: Foul Ball, location: 2F 1-2: Strikes out swinging
|
Bottom of the 6th over - 1 run, 2 hits, 0 errors, 1 left on base; Oakland (APP) 8 - Boston (APP) 4 |
TOP OF THE 7TH |
Oakland (APP) Athletics batting - Pitching for Boston (APP) Red Sox : RHP Paul Carter
|
Batting: LHB Gregg Power
|
0-0: Ball 1-0: Foul Ball, location: 2F 1-1: Fly out, F9 (Flyball, 89S, EV 80.0 MPH)
|
Batting: RHB Moses Brokken
|
0-0: Ball 1-0: Called Strike 1-1: Ball 2-1: Foul Ball, location: 2F 2-2: Ball 3-2: Foul Ball, location: 2F 3-2: Base on Balls
|
Pitching: LHP Anton Lara
|
|
Batting: RHB Shannon Beck
|
0-0: Ball 1-0: Ball 2-0: Ball 3-0: Called Strike 3-1: Base on Balls Moses Brokken to second
|
Batting: RHB Zack DiCicco
|
0-0: Ball 1-0: Foul Ball, location: 2F 1-1: Ball 2-1: Called Strike 2-2: Foul Ball, location: 2F 2-2: Strikes out swinging
|
Batting: LHB Nick Pacheco
|
0-0: Ball 1-0: Foul Ball, location: 2F 1-1: Foul Ball, location: 2F 1-2: Strikes out swinging
|
Top of the 7th over - 0 runs, 0 hits, 0 errors, 2 left on base; Oakland (APP) 8 - Boston (APP) 4 |
BOTTOM OF THE 7TH |
Boston (APP) Red Sox batting - Pitching for Oakland (APP) Athletics : RHP Ubbe Dekker
|
Batting: RHB Tony Gallegos
|
0-0: Ball 1-0: Swinging Strike 1-1: Foul Ball, location: 2F 1-2: Ground out U3 (Groundball, 34, EV 90.0 MPH)
|
Batting: RHB Mario Arriero
|
0-0: Ball 1-0: Fly out, F9 (Flyball, 9, EV 88.1 MPH)
|
Batting: RHB Tony Nunez
|
0-0: Ball 1-0: Called Strike 1-1: Ball 2-1: Called Strike 2-2: Strikes out swinging
|
Bottom of the 7th over - 0 runs, 0 hits, 0 errors, 0 left on base; Oakland (APP) 8 - Boston (APP) 4 |
TOP OF THE 8TH |
Oakland (APP) Athletics batting - Pitching for Boston (APP) Red Sox : LHP Anton Lara
|
Batting: LHB Tomas Segarra
|
0-0: Called Strike 0-1: Foul Ball, location: 2F 0-2: Foul Ball, location: 2F 0-2: Ground out U3 (Groundball, 3, EV 110.6 MPH)
|
Batting: RHB Matt Sherard
|
0-0: Foul Ball, location: 2F 0-1: Swinging Strike 0-2: SOLO HOME RUN (Flyball, 78XD, EV 98.8 MPH), Distance : 416 ft
|
Batting: RHB Marcus Kressley
|
0-0: Fly out, F7 (Line Drive, 7D, EV 101.2 MPH)
|
Batting: RHB Scott Wiggs
|
0-0: Ball 1-0: Called Strike 1-1: SINGLE (Line Drive, 56D, EV 96.9 MPH)
|
Batting: LHB Gregg Power
|
0-0: Ball 1-0: Ball 2-0: Called Strike 2-1: Ball 3-1: 2-RUN HOME RUN (Flyball, 9D, EV 98.1 MPH), Distance : 377 ft
|
Pinch Hitting: RHB Steve Blackshear
|
0-0: Ball 1-0: Called Strike 1-1: Foul Ball, location: 2F 1-2: Ball 2-2: Ball 3-2: Base on Balls
|
Batting: RHB Shannon Beck
|
0-0: Foul Ball, location: 2F 0-1: Fielders Choice at 2nd, U4 (Groundball, 6, EV 85.0 MPH)
|
Top of the 8th over - 3 runs, 3 hits, 0 errors, 1 left on base; Oakland (APP) 11 - Boston (APP) 4 |
BOTTOM OF THE 8TH |
Boston (APP) Red Sox batting - Pitching for Oakland (APP) Athletics : RHP Ubbe Dekker
|
Now in RF: Steve Blackshear
|
|
Batting: RHB Aukukero Tairi
|
0-0: Ball 1-0: Swinging Strike 1-1: Ball 2-1: Ball 3-1: Ground out 6-3 (Groundball, 6, EV 82.5 MPH)
|
Batting: LHB Carlos Guerra
|
0-0: Called Strike 0-1: Ball 1-1: Foul Ball, location: 2F 1-2: Strikes out swinging
|
Batting: RHB Dave Burwell
|
0-0: Foul Ball, location: 2F 0-1: Ball 1-1: Foul Ball, location: 2F 1-2: Ball 2-2: Strikes out swinging
|
Bottom of the 8th over - 0 runs, 0 hits, 0 errors, 0 left on base; Oakland (APP) 11 - Boston (APP) 4 |
TOP OF THE 9TH |
Oakland (APP) Athletics batting - Pitching for Boston (APP) Red Sox : LHP Anton Lara
|
Pitching: LHP Rob Hymowitz
|
|
Pinch Hitting: LHB Augustin Cormier
|
0-0: Called Strike 0-1: Ball 1-1: Fly out, F7 (Flyball, 78S, EV 87.5 MPH)
|
Pinch Hitting: RHB Matt Black
|
0-0: Called Strike 0-1: Ball 1-1: Swinging Strike 1-2: Foul Ball, location: 2F 1-2: Strikes out swinging
|
Batting: LHB Tomas Segarra
|
0-0: Ball 1-0: Foul Ball, location: 2F 1-1: Ball 2-1: Ball 3-1: Foul Ball, location: 2F 3-2: Base on Balls
|
Batting: RHB Matt Sherard
|
0-0: Ball 1-0: Ball 2-0: SINGLE (Line Drive, 9S, EV 96.9 MPH) Tomas Segarra to second Runner from 2nd tries for 3rd, SAFE, throw by RF made to third
|
Batting: RHB Marcus Kressley
|
0-0: Ball Matt Sherard steals 2nd base 1-0: Ball 2-0: Called Strike 2-1: Foul Ball, location: 2F 2-2: Strikes out swinging
|
Top of the 9th over - 0 runs, 1 hit, 0 errors, 2 left on base; Oakland (APP) 11 - Boston (APP) 4 |
BOTTOM OF THE 9TH |
Boston (APP) Red Sox batting - Pitching for Oakland (APP) Athletics : RHP Ubbe Dekker
|
Now at 1B: Matt Black
|
|
Now at 3B: Augustin Cormier
|
|
Batting: RHB Alex Melendez
|
0-0: Ball 1-0: Swinging Strike 1-1: Foul Ball, location: 2F 1-2: Ball 2-2: Ball 3-2: Base on Balls
|
Batting: RHB John Doucette
|
0-0: Called Strike 0-1: Swinging Strike 0-2: Ball 1-2: Fielders Choice at 2nd, 4-6 (Groundball, 4, EV 103.1 MPH)
|
Pitching: LHP Hector Perdomo
|
|
Batting: RHB Miguel Villanueva
|
0-0: Called Strike 0-1: Ball 1-1: Foul Ball, location: 2F 1-2: Strikes out swinging
|
Batting: RHB Tony Gallegos
|
0-0: Ball 1-0: Called Strike 1-1: Foul Ball, location: 2F 1-2: Ball 2-2: Strikes out swinging
|
Bottom of the 9th over - 0 runs, 0 hits, 0 errors, 1 left on base; Oakland (APP) 11 - Boston (APP) 4 |
|